Map: Odyssée EC

Players

zidar

  • Race: Zerg Zerg
  • League: Gold
  • Spawn Location: 11:00

Mahammedali - Winner!

  • Race: Protoss Protoss
  • League: Platinum
  • Spawn Location: 5:00

VOD

Have the link to the VOD?

Description

Time

  • Played on: June 27, 2017, 3:03 p.m.
  • Length: 14:28
Show
View Real Time Build Order
Export as new Build Order

zidar Zerg 

Build Orders: Hatch First, Ravager All-In 

Get SALT Encoding   

  12  0:01  Drone  
  13  0:12  Overlord  
  13  0:18  Drone  
  14  0:30  Drone x2  
  16  0:52  Hatchery  
  16  0:56  Drone  
  16  1:00  Extractor  
  16  1:01  Drone  
  16  1:21  Spawning Pool  
  16  1:25  Drone  
  16  1:27  Drone  
  16  1:31  Drone  
  18  1:36  Drone  
  19  2:15  Roach Warren  
  18  2:17  Drone  
  18  2:18  Drone x4  
  23  2:27  Overlord  
  23  2:34  Extractor  
  23  2:35  Drone  
  23  2:42  Drone x2  
  25  3:09  Roach x4  
  25  3:10  Roach  
  25  3:12  Queen  
  36  3:17  Overlord  
  36  3:35  Queen  
  38  3:48  Pneumatized Carapace  
  38  3:53  Roach x3  
  44  3:58  Overlord x3  
  44  4:16  Lair  
  44  4:29  Drone x5  
  49  4:50  Ravager x3  
  49  4:51  Ravager x2  
  54  4:59  Roach x4  
  62  5:00  Zergling x2  
  62  5:01  Zergling x8  
  54  5:56  Roach  
  54  5:57  Roach x5  
  60  6:33  Drone x6  
  62  6:49  Ravager  
  62  6:50  Ravager x2  
  44  7:51  Roach x3  
  44  7:52  Roach x3  
  51  8:01  Hatchery  
  50  8:10  Roach x5  
  60  8:16  Ravager x3  
  63  8:26  Roach  
  67  8:27  Roach  
  67  8:29  Overlord  
  65  8:56  Roach x5  
  61  9:15  Roach  
  61  9:16  Roach x6  
  75  9:19  Overlord x4  
  50  10:04  Roach x6  
  50  10:05  Roach x8  
  54  10:39  Ravager  
  54  10:40  Ravager  
  56  10:47  Hatchery  
  55  10:50  Hydralisk Den  
  55  10:53  Ravager  
  55  11:03  Zergling x2  
  55  11:04  Zergling x4  
  58  11:11  Queen  
  60  11:25  Hydralisk x2  
  60  11:31  Hatchery  
  63  11:44  Muscular Augments  
  63  11:47  Extractor  
  63  11:50  Extractor  
  63  11:54  Drone x2  
  63  12:21  Hydralisk x6  
  75  12:36  Overseer  
  58  13:16  Hydralisk x4  
  58  13:17  Hydralisk x7  
  58  13:18  Roach  
  82  13:43  Drone x2  
  82  13:47  Hatchery  
  83  14:01  Roach x8  
  83  14:02  Roach  
Show
View Real Time Build Order
Export as new Build Order

Mahammedali Protoss - Winner!

Build Orders: 1 Gate Expand 

Get SALT Encoding   

  12  0:01  Probe (Chrono Boost)  
  13  0:12  Probe (Chrono Boost)  
  14  0:17  Pylon  
  14  0:29  Probe (Chrono Boost)  
  15  0:40  Gateway  
  15  0:45  Assimilator  
  15  0:46  Probe (Chrono Boost)  
  17  0:57  Probe (Chrono Boost)  
  17  1:07  Probe (Chrono Boost)  
  18  1:19  Probe (Chrono Boost)  
  19  1:27  Nexus  
  19  1:31  Probe (Chrono Boost)  
  20  1:46  Probe (Chrono Boost)  
  21  1:56  Pylon  
  21  2:01  Probe (Chrono Boost)  
  22  2:05  Assimilator  
  22  2:06  Cybernetics Core  
  22  2:12  Gateway  
  22  2:33  Gateway  
  22  2:36  Zealot (Chrono Boost)  
  24  2:41  Mothership Core  
  26  2:45  Warp Gate (Chrono Boost)  
  26  2:53  Probe  
  27  3:02  Adept  
  29  3:15  Stalker  
  31  3:22  Pylon  
  31  3:25  Twilight Council  
  31  3:27  Adept  
  31  3:30  Probe  
  31  3:31  Probe  
  35  3:45  Robotics Facility  
  35  3:57  Probe, Resonating Glaives (Chrono Boost)  
  35  3:58  Probe  
  37  4:09  Probe  
  38  4:10  Probe  
  38  4:16  Gateway  
  39  4:19  Pylon  
  39  4:22  Probe  
  40  4:36  Pylon  
  40  4:39  Observer (Chrono Boost)  
  40  4:40  Gateway  
  40  4:42  Probe  
  40  4:43  Probe  
  43  4:54  Forge  
  43  4:58  Adept  
  43  4:59  Observer (Chrono Boost)  
  46  5:00  Probe x2  
  48  5:08  Forge  
  48  5:18  Observer (Chrono Boost)  
  48  5:21  Zealot x3  
  55  5:33  Zealot  
  55  5:41  Zealot x2  
  55  5:42  Zealot  
  43  5:51  Immortal (Chrono Boost)  
  43  5:56  Zealot  
  41  6:05  Stalker  
  41  6:06  Stalker x2  
  43  6:24  Mothership Core  
  43  6:27  Stalker  
  38  6:35  Stalker x2  
  39  6:51  Probe  
  39  6:52  Probe  
  41  7:03  Probe  
  41  7:04  Probe  
  41  7:08  Stalker x2  
  45  7:16  Probe x2  
  47  7:27  Immortal (Chrono Boost)  
  51  7:32  Probe  
  51  7:33  Probe  
  53  7:45  Probe  
  54  8:01  Pylon  
  54  8:02  Pylon  
  54  8:17  Pylon  
  54  8:19  Probe x2  
  60  8:20  Immortal (Chrono Boost)  
  60  8:31  Probe x2  
  62  8:35  Stalker x2  
  66  8:54  Immortal (Chrono Boost)  
  66  8:55  Mothership Core  
  70  8:59  Protoss Ground Weapons Level 1, Protoss Ground Armor Level 1  
  66  9:15  Probe  
  66  9:16  Probe  
  68  9:27  Probe  
  68  9:28  Immortal (Chrono Boost)  
  69  9:47  Stalker x4  
  73  10:02  Immortal (Chrono Boost)  
  77  10:42  Pylon  
  77  10:44  Pylon  
  77  10:47  Charge  
  77  10:52  Stargate  
  77  10:56  Pylon  
  77  10:59  Pylon  
  77  11:01  Immortal (Chrono Boost), Assimilator  
  77  11:02  Assimilator  
  81  11:05  Zealot x4  
  89  11:36  Immortal  
  93  11:46  Nexus  
  93  11:50  Pylon  
  93  11:51  Pylon  
  93  11:54  Pylon  
  93  11:56  Pylon  
  93  12:04  Photon Cannon, Pylon  
  93  12:11  Zealot x3  
  93  12:12  Photon Cannon  
  93  12:15  Warp Prism  
  101  12:16  Photon Cannon  
  101  12:19  Protoss Ground Weapons Level 2 (Chrono Boost)  
  101  12:21  Photon Cannon  
  101  12:27  Photon Cannon  
  101  12:52  Stalker x4  
  83  13:18  Zealot  
  83  13:19  Zealot x3  
  91  13:24  Probe  
  91  13:25  Probe  
  91  13:26  Probe  
  94  13:35  Probe  
  94  13:37  Probe  
  94  13:38  Probe  
  97  13:43  Immortal  
  97  13:44  Zealot  
  97  13:45  Probe  
  104  13:49  Probe  
  104  13:50  Probe  
  106  13:59  Zealot x2  
  110  14:07  Assimilator  
  98  14:14  Assimilator  
  98  14:15  Zealot x2  
Tags
 
Add a new tag
Caveats
  • Supply blocks, unpowered buildings, or Contaminate may cause inaccurate times.
  • Supply counts are checked every 10 seconds.